 Dungeon Crawl Stone Soup version 0.20-a0-501-g0de2c2e (webtiles) character file.

1738 nono the Slicer (level 9, -6/55 HPs)
             Began as a Halfling Abyssal Knight on Jan 19, 2017.
             Was an Elder of Lugonu.
             Killed by divine providence
             ... invoked by an orc priest
              (15 damage)
             ... on level 8 of the Dungeon.
             The game lasted 00:32:43 (7952 turns).

nono the Slicer (Halfling Abyssal Knight)           Turns: 7952, Time: 00:32:44

Health: -6/55      AC: 11    Str: 16    XL:     9   Next: 26%
Magic:  13/13      EV: 15    Int: 10    God:    Lugonu [****..]
Gold:   381        SH:  0    Dex: 14    Spells: 8/8 levels left

rFire    + . .     SeeInvis .   t - +0 rapier
rCold    . . .     Gourm    .   C - +3 ring mail
rNeg     . . .     Faith    .   (shield restricted)
rPois    .         Spirit   .   n - +0 helmet
rElec    .         Reflect  .   (no cloak)
rCorr    .         Harm     .   (no gloves)
MR       .....                  u - +0 pair of boots
Stlth    +.........             (no amulet)
Regen    0.2/turn               (no ring)
                                B - ring of protection from fire

@: lethally poisoned (-6 -> -20), fainting, hasted, very quick
A: mutation resistance 1
a: Depart the Abyss, Bend Space, Banish, Corrupt, Renounce Religion


You were on level 8 of the Dungeon.
You worshipped Lugonu.
Lugonu was greatly pleased with you.
You were fainting.

You visited 1 branch of the dungeon, and saw 8 of its levels.
You visited the Abyss 1 time.

You collected 381 gold pieces.

Inventory:

Hand Weapons
 a - a +1 short sword
 b - a +0 hunting sling
 i - a +1 dagger of freezing
 t - a +0 rapier (weapon)
Missiles
 e - 219 stones (quivered)
 k - 33 poisoned needles
Armour
 f - a cursed +0 ring mail
 h - a +0 leather armour
 l - a +2 animal skin
 n - a +0 helmet (worn)
 u - a +0 pair of boots (worn)
 C - a +3 ring mail (worn)
Jewellery
 B - a ring of protection from fire (left hand)
Wands
 d - a wand of polymorph (21/24)
 A - a wand of disintegration (17/24)
 H - a wand of flame (44/48)
 K - a wand of random effects (21/48)
Scrolls
 m - 2 scrolls of blinking {unknown}
 o - 3 scrolls of teleportation {unknown}
 q - a scroll of amnesia {unknown}
 r - 2 scrolls of immolation {unknown}
 w - a scroll of fog {unknown}
 x - a scroll of identify
 y - 4 scrolls of magic mapping {unknown}
 E - 2 scrolls of fear {unknown}
 F - 4 scrolls of remove curse
Potions
 j - a potion of curing {unknown}
 p - a potion of flight
 z - 2 potions of ambrosia {unknown}
 D - a potion of berserk rage
 G - a potion of magic
 I - a potion of brilliance {unknown}
 J - a potion of invisibility {unknown}
Comestibles
 c - 6 bread rations
 g - 5 meat rations


   Skills:
 - Level 2.6 Fighting
 + Level 8.2 Short Blades
 - Level 7.3 Slings
 - Level 5.0 Armour
 - Level 4.1 Dodging
 + Level 5.6 Invocations


You had 8 spell levels left.
You didn't know any spells.

Dungeon Overview and Level Annotations

Branches:
Dungeon (8/15)             Temple (0/1) D:4
   Lair: D:8-11

Altars:
Dithmenos
Fedhas
Kikubaaqudgha
Ru

Annotations:
D:5 Borgoz's ghost, novice DDBe
D:6 Duvessa; Edmund


Innate Abilities, Weirdness & Mutations

You are small and have problems with some larger weapons.
You are somewhat resistant to further mutation.


Message History

The orc warrior hits you with a mace.
An ice beast comes into view.
You feel sick.
An orc wizard appears from thin air!
Reactivating autopickup.
Something hits the orc wizard.
The orc wizard looks as sick as possible!
The orc warrior hits you with a mace!
* * * LOW HITPOINT WARNING * * *
You feel sick. Something hits you but does no damage.
You are lethally poisoned!
Deactivating autopickup; reactivate with Ctrl-A.
You can move again.
You feel yourself speed up.
* * * LOW HITPOINT WARNING * * *
You feel sick.
Something hits the orc warrior but does no damage.
The orc warrior is poisoned.
The orc warrior misses you.
The orc priest invokes the aid of Beogh against you.
Beogh smites you!
You die... o

.o ... .o.. .o..?####
../..Yoo############.#
#ooo.o..........
#####@..<....#.
#..........#
#........###
##########


You could see 2 orc warriors, an ice beast, an orc priest, an orc wizard and 2
orcs.

Vanquished Creatures
  A steam dragon (D:2)
  A hungry ghost (D:8)
  A sky beast (D:3)
  A phantom (D:5)
  4 centaurs
  A bullfrog (D:7)
  Dowan (D:6)
  A howler monkey (D:6)
  2 crimson imps
  2 hounds
  2 jellies
  2 orc wizards
  2 iguanas
  Natasha (thrice) (D:2)
  Ijyb (D:2)
  4 worker ants
  A hound skeleton (D:6)
  2 worker ant zombies
  A howler monkey zombie (D:4)
  Robin (D:2)
  A howler monkey skeleton (D:5)
  10 adders
  A shadow imp (D:6)
  An ooze (D:4)
  2 worms (D:3)
  4 dart slugs
  7 leopard geckos
  26 orcs
  9 bats
  5 giant cockroaches
  14 goblins
  13 hobgoblins
  7 jackals
  7 kobolds
  A quokka (D:3)
  3 ball pythons
  5 frilled lizards
  A jackal skeleton (D:5)
  A quokka skeleton (D:4)
  A quokka zombie (D:5)
  6 rats
159 creatures vanquished.

Notes
Turn   | Place    | Note
-------+----------+-------------------------------------------
     0 | Abyss:1  | nono the Halfling Abyssal Knight began the quest for the Orb.
     0 | Abyss:1  | Reached XP level 1. HP: 15/15 MP: 2/2
    30 | Abyss:2  | Noticed a smoke demon
    30 | D:1      | Escaped the Abyss
   186 | D:1      | Reached XP level 2. HP: 19/20 MP: 3/3
   344 | D:1      | Reached * piety under Lugonu
   439 | D:1      | Reached skill level 3 in Short Blades
   439 | D:1      | Reached XP level 3. HP: 20/25 MP: 4/4
   992 | D:2      | Noticed Ijyb
  1045 | D:2      | Killed Ijyb
  1045 | D:2      | Reached XP level 4. HP: 19/30 MP: 4/6
  1184 | D:2      | Noticed Natasha
  1393 | D:2      | Noticed Robin
  1526 | D:2      | Killed Robin
  1526 | D:2      | Reached skill level 1 in Slings
  1940 | D:2      | Noticed Sigmund
  1946 | D:2      | Noticed Sigmund
  1946 | D:2      | Sigmund changed into Sigmund the steam dragon
  1959 | D:2      | Killed Sigmund the steam dragon
  1959 | D:2      | Reached skill level 5 in Slings
  1959 | D:2      | Reached XP level 5. HP: 32/35 MP: 7/7
  1959 | D:2      | Reached XP level 6. HP: 38/41 MP: 8/8
  1999 | D:2      | Reached ** piety under Lugonu
  2022 | D:2      | Killed Natasha
  2022 | D:2      | Reached skill level 4 in Short Blades
  2255 | D:2      | Noticed Natasha
  2267 | D:2      | Killed Natasha
  2344 | D:2      | Noticed Natasha
  2353 | D:2      | Killed Natasha
  2787 | D:3      | Reached XP level 7. HP: 22/45 MP: 9/9
  3208 | D:3      | Reached skill level 5 in Short Blades
  3211 | D:3      | Reached *** piety under Lugonu
  4083 | D:4      | Found a blossoming altar of Fedhas.
  4241 | D:4      | Found a staircase to the Ecumenical Temple.
  4728 | D:4      | Reached XP level 8. HP: 51/51 MP: 10/10
  5090 | D:5      | Entered Level 5 of the Dungeon
  5090 | D:5      | Found an ancient bone altar of Kikubaaqudgha.
  5273 | D:5      | Found a shadowy altar of Dithmenos.
  5303 | D:5      | Reached skill level 6 in Short Blades
  6268 | D:5      | Noticed Borgoz's ghost (novice DDBe)
  6296 | D:6      | Found a sacrificial altar of Ru.
  6408 | D:6      | Reached **** piety under Lugonu
  6470 | D:6      | Reached skill level 7 in Short Blades
  6875 | D:6      | Noticed Edmund
  6974 | D:6      | Noticed Duvessa
  6974 | D:6      | Noticed Dowan
  7004 | D:7      | Reached skill level 5 in Armour
  7007 | D:7      | Noticed a hippogriff
  7082 | D:7      | Reached XP level 9. HP: 22/55 MP: 12/12
  7514 | D:6      | Killed Dowan
  7796 | D:7      | Reached skill level 5 in Invocations
  7927 | D:8      | Reached skill level 8 in Short Blades
  7940 | D:8      | Paralysed by fainting for 12 turns
  7952 | D:8      | Killed from afar by an orc priest

Vault maps used:
D:1:      ncdulo_lavacross
D:2:      uniq_iyjb, uniq_robin, uniq_natasha, uniq_sigmund
D:3:      kennysheep_crisscross, minmay_bisected
D:4:      first_bread, roderic_st_hans_cross, fedhas_bush_and_centaur_altar
D:5:      nicolae_overflow_hidden_temple, grunt_dithmenos_shadows
D:6:      lemuel_crystal_altar, supply_closet_lemuel, uniq_eustachio,
          uniq_crazy_yiuf_cottage, uniq_duvessa, uniq_edmund
D:8:      nemelex_xobeh_ov_fountains_minmay, overflow_temple_1_default,
          grunt_ogre_cave, grunt_qazlal_sundering, uniq_prince_ribbit1,
          uniq_pikel

Skill      XL: |  1  2  3  4  5  6  7  8  9 |
---------------+----------------------------+-----
Short Blades   | 3 4 5 7 8 |  8.2
Slings         | 5 6 7 |  7.3
Dodging        | 2 3 4 |  4.1
Invocations    | 3 4 5 |  5.6
Armour         | 3 5 |  5.0
Fighting       | |  2.6

Action                   |  1- 3 |  4- 6 |  7- 9 || total
-------------------------+-------+-------+-------++-------
Melee: Short sword       |    62 |   139 |   339 ||   540
       Dagger            |    82 |    50 |    50 ||   182
       Rapier            |       |       |   190 ||   190
 Fire: Hunting sling     |       |    36 |    91 ||   127
Throw: Stone             |       |       |     6 ||     6
Invok: Depart the Abyss  |     1 |       |       ||     1
Evoke: Wand              |     1 |     2 |       ||     3
  Use: Scroll            |     4 |     2 |     4 ||    10
       Potion            |       |     1 |     6 ||     7
 Stab: Sleeping          |       |       |     5 ||     5
  Eat: Meat ration       |       |     1 |       ||     1
       Chunk             |       |       |    15 ||    15
       Royal jelly       |       |       |     1 ||     1
       Pizza             |       |       |     1 ||     1
Armor: Leather armour    |    23 |     7 |       ||    30
       Skin              |       |    12 |       ||    12
       Animal skin       |       |    24 |    82 ||   106
       Ring mail         |       |       |    31 ||    31
Dodge: Dodged            |    88 |   135 |   341 ||   564
